Map: [ESL] Stargazers

Players

Dark - Winner!

  • Race: Zerg Zerg
  • Spawn Location: 1:00

LiquidClem (Clem)

  • Race: Terran Terran
  • League: Master
  • Spawn Location: 11:00

VOD

Have the link to the VOD?

Description

Time

  • Played on: Nov. 6, 2022, 7:48 a.m.
  • Length: 10:11
Show
View Real Time Build Order
Export as new Build Order

Dark Zerg - Winner!

Build Orders: Hatch First 

Get SALT Encoding   

  12  0:00  Drone  
  13  0:13  Overlord  
  13  0:17  Drone  
  14  0:31  Drone x2  
  16  0:48  Hatchery  
  15  0:52  Drone  
  15  0:54  Drone  
  17  0:59  Drone  
  18  1:09  Drone  
  19  1:15  Spawning Pool  
  18  1:18  Drone  
  19  1:29  Drone  
  20  1:42  Drone  
  20  1:44  Hatchery  
  20  1:54  Drone  
  21  2:02  Queen  
  21  2:04  Zergling x2  
  21  2:05  Zergling x2  
  25  2:09  Queen  
  27  2:16  Zergling x2  
  27  2:17  Overlord  
  28  2:36  Drone  
  28  2:37  Drone x3  
  32  2:38  Queen  
  34  2:45  Queen  
  34  2:49  Overlord  
  36  2:58  Drone x2  
  38  3:00  Drone x2  
  38  3:03  Queen  
  42  3:08  Drone x2  
  42  3:09  Drone  
  45  3:14  Queen  
  47  3:23  Drone x3  
  50  3:28  Extractor  
  50  3:30  Extractor  
  50  3:32  Roach Warren  
  50  3:33  Drone  
  50  3:34  Drone x2  
  50  3:40  Overlord  
  50  3:42  Overlord  
  50  3:48  Overlord  
  50  3:51  Overlord  
  50  3:54  Overlord  
  50  3:58  Drone x2  
  50  3:59  Drone x2  
  50  4:01  Drone  
  50  4:02  Drone  
  56  4:07  Drone  
  56  4:08  Drone x2  
  59  4:11  Drone  
  59  4:12  Drone  
  59  4:13  Drone  
  59  4:14  Drone  
  63  4:20  Overlord  
  63  4:21  Drone x2  
  63  4:23  Drone  
  66  4:27  Lair  
  66  4:29  Drone  
  67  4:31  Drone x2  
  67  4:35  Drone  
  67  4:37  Drone x2  
  72  4:40  Drone x3  
  72  4:45  Drone x2  
  77  4:47  Extractor x2  
  77  4:51  Drone x2, Evolution Chamber  
  77  4:52  Evolution Chamber  
  75  4:54  Roach x2, Extractor  
  75  4:55  Roach  
  75  4:59  Roach x2  
  84  5:02  Roach x2  
  84  5:04  Drone x2  
  84  5:06  Drone  
  91  5:13  Extractor  
  91  5:14  Roach  
  92  5:17  Roach x2  
  96  5:21  Zerg Missile Weapons Level 1  
  96  5:24  Drone  
  96  5:25  Drone  
  96  5:27  Overlord  
  98  5:29  Zerg Ground Armor Level 1, Overlord  
  98  5:33  Overlord  
  98  5:38  Overlord  
  98  5:39  Glial Reconstitution  
  98  5:42  Overlord  
  98  5:49  Drone x2, Hatchery  
  99  5:50  Drone  
  99  5:51  Drone  
  99  5:52  Roach x3  
  99  5:54  Roach  
  109  5:59  Roach  
  111  6:04  Roach  
  111  6:05  Roach  
  111  6:08  Roach  
  111  6:11  Roach x3  
  123  6:16  Roach x2  
  127  6:21  Roach  
  127  6:22  Nydus Network  
  128  6:26  Roach  
  128  6:27  Roach  
  128  6:30  Overlord  
  128  6:31  Overlord  
  128  6:32  Roach  
  134  6:36  Roach x2  
  134  6:37  Overlord  
  134  6:39  Overlord  
  138  6:41  Overlord  
  138  6:44  Overlord  
  138  6:47  Overlord  
  138  6:50  Roach  
  138  6:52  Overseer  
  140  6:54  Roach  
  140  6:58  Roach  
  140  6:59  Ravager x2  
  140  7:00  Ravager x3  
  151  7:01  Roach x3  
  151  7:02  Roach x2  
  151  7:06  Roach x4  
  167  7:10  Roach x3  
  173  7:18  Roach x3  
  173  7:21  Roach  
  181  7:26  Zerg Missile Weapons Level 2  
  181  7:28  Overlord  
  181  7:33  Zerg Ground Armor Level 2  
  181  7:39  Overlord  
  181  7:43  Roach  
  181  7:44  Roach x4  
  191  7:48  Roach  
  191  7:50  Roach x3  
  199  7:53  Metabolic Boost  
  199  7:57  Hatchery  
  198  8:09  Roach  
  200  8:19  Roach x14  
  187  8:21  Roach x2  
  183  8:30  Ravager x2  
  185  8:40  Nydus Canal  
  185  8:41  Roach  
  187  8:44  Roach x2  
  186  8:50  Roach x2  
  186  8:51  Roach  
  186  8:52  Roach x4  
  186  8:53  Ravager  
  199  8:58  Nydus Canal  
  199  9:06  Roach x5  
  199  9:09  Roach  
  187  9:10  Roach x2  
  187  9:12  Roach  
  187  9:16  Nydus Canal  
  186  9:19  Roach x2  
  192  9:24  Roach x2  
  192  9:30  Roach x3  
  180  9:31  Roach  
  180  9:32  Roach x2  
  180  9:33  Roach  
  180  9:37  Roach  
  180  9:38  Roach x2  
  181  9:42  Roach x3  
Show
View Real Time Build Order
Export as new Build Order

LiquidClem Terran 

Build Orders: Reaper Expand 

Get SALT Encoding   

  12  0:01  SCV  
  13  0:13  SCV  
  14  0:17  Supply Depot  
  14  0:25  SCV  
  15  0:38  SCV  
  15  0:39  Barracks  
  16  0:43  Refinery  
  16  0:50  SCV  
  17  1:03  SCV  
  18  1:15  SCV  
  19  1:26  Reaper  
  19  1:27  Orbital Command  
  20  1:39  Command Center  
  20  1:47  Supply Depot  
  20  1:52  SCV  
  21  1:58  Marine  
  22  2:05  SCV  
  23  2:11  Factory  
  23  2:17  SCV  
  23  2:21  Barracks Reactor  
  24  2:29  SCV  
  25  2:40  Command Center  
  25  2:42  SCV  
  26  2:52  Orbital Command  
  26  2:55  SCV  
  27  3:00  Barracks  
  27  3:07  SCV, Barracks Tech Lab  
  28  3:14  Hellion  
  28  3:17  Hellion  
  28  3:19  SCV x2  
  34  3:26  Refinery  
  34  3:28  Stimpack  
  34  3:30  Marine  
  34  3:31  SCV  
  34  3:32  SCV  
  37  3:43  SCV  
  37  3:47  Marine  
  40  3:50  Starport  
  40  3:54  SCV  
  40  3:55  SCV, Orbital Command  
  41  3:57  Factory Reactor  
  41  3:59  Marine x2  
  43  4:05  Marine  
  43  4:06  SCV  
  43  4:07  SCV  
  46  4:11  Supply Depot  
  46  4:17  Marine x2  
  46  4:19  SCV x2  
  46  4:22  SCV  
  46  4:23  Marine  
  52  4:31  SCV x2  
  53  4:34  SCV, Marine  
  53  4:35  Marine  
  53  4:36  Supply Depot  
  53  4:38  Medivac x2  
  59  4:40  Factory Tech Lab  
  59  4:41  Marine  
  59  4:43  SCV  
  59  4:44  Barracks, Orbital Command  
  63  4:45  SCV  
  63  4:46  SCV  
  63  4:49  Refinery  
  63  4:50  Engineering Bay  
  63  4:52  Marine x2  
  65  4:53  Engineering Bay  
  65  4:56  Refinery  
  65  4:58  SCV  
  65  4:59  Supply Depot, SCV, Marine  
  70  5:07  Combat Shield  
  70  5:10  SCV, Marine x2  
  70  5:11  SCV  
  70  5:13  SCV  
  75  5:21  Supply Depot  
  75  5:22  Terran Infantry Weapons Level 1  
  75  5:23  SCV x2, Marine  
  75  5:25  SCV  
  79  5:29  Supply Depot, Terran Infantry Armor Level 1  
  79  5:31  Marine x2  
  79  5:34  Barracks Reactor  
  79  5:35  SCV  
  82  5:36  SCV  
  82  5:37  SCV  
  82  5:40  Marine  
  85  5:43  Supply Depot  
  85  5:47  SCV, Barracks  
  85  5:48  SCV, Barracks  
  85  5:49  Marine  
  88  5:51  Siege Tank  
  88  5:52  SCV  
  88  5:56  Supply Depot, Marine  
  93  5:59  SCV  
  94  6:05  Barracks  
  94  6:07  Barracks  
  94  6:08  Barracks  
  94  6:11  Marine x4  
  93  6:13  Marine  
  98  6:23  Siege Tank  
  101  6:25  Armory  
  101  6:28  Supply Depot  
  101  6:29  Marine x3  
  101  6:31  Medivac  
  106  6:34  Medivac  
  106  6:36  SCV  
  106  6:37  SCV, Marine x4  
  115  6:43  Supply Depot  
  115  6:46  Marine  
  114  6:48  Marine x2  
  114  6:53  Supply Depot  
  114  6:54  Marine x2  
  118  6:55  Marine x4  
  118  6:58  Marine  
  124  7:03  Supply Depot  
  124  7:04  Siege Tank, Marine  
  124  7:06  Marine x2  
  130  7:11  Marine  
  130  7:12  Marine x2  
  130  7:13  Marine x2  
  130  7:15  Marine x2  
  134  7:16  Medivac x2  
  134  7:22  Supply Depot, Marine  
  140  7:24  Marine x2  
  140  7:29  Marine  
  143  7:30  Marine x2  
  143  7:31  Marine x2  
  143  7:32  Terran Infantry Weapons Level 2, Marine  
  143  7:33  Marine  
  143  7:34  Command Center  
  149  7:38  Terran Infantry Armor Level 2  
  149  7:40  Marine  
  149  7:43  Marine x2  
  151  7:47  Marine  
  151  7:48  Siege Tank, Marine x2  
  157  7:52  Supply Depot  
  157  7:55  Refinery, Marine x4  
  157  7:58  Marine  
  161  8:01  Marine x2  
  161  8:05  Marine  
  164  8:06  Supply Depot  
  164  8:07  Medivac  
  164  8:08  Marine  
  164  8:12  Marine x2  
  165  8:13  Marine x3  
  165  8:14  Medivac  
  165  8:16  Marine  
  165  8:19  Marine x2  
  139  8:23  Marine  
  139  8:25  Marine  
  126  8:27  Siege Tank  
  126  8:29  Marine  
  126  8:30  Marine  
  126  8:31  Marine x3  
  126  8:33  Marine  
  135  8:37  Marine x2  
  135  8:38  Bunker  
  135  8:39  Bunker  
  135  8:40  Marine  
  138  8:42  Medivac  
  138  8:43  Marine  
  138  8:47  Marine  
  138  8:48  Marine  
  142  8:49  Marine x3  
  142  8:51  Marine  
  142  8:54  Marine x2  
  148  8:56  Medivac  
  148  8:58  Marine  
  148  8:59  SCV  
  148  9:00  SCV  
  148  9:01  Marine  
  145  9:05  Marine  
  145  9:06  Marine x3  
  145  9:07  Marine  
  145  9:09  Marine  
  134  9:12  Siege Tank, Marine x2  
  134  9:16  Marine  
  137  9:19  SCV, Marine  
  137  9:23  Marine  
  137  9:24  Marine  
  136  9:29  Marine  
  126  9:32  Marine x5  
  126  9:34  Marine  
  126  9:37  Marine  
  114  9:41  Marine x2  
  114  9:45  Widow Mine  
  95  9:47  Marine  
Tags
 
Add a new tag
Caveats
  • Supply blocks, unpowered buildings, or Contaminate may cause inaccurate times.
  • Supply counts are checked every 10 seconds.